 Dungeon Crawl Stone Soup version 0.30-a0-272-gf98c3da03f (webtiles) character file.

Game seed: 10325420083834151338

802 qw the Chopper (level 7, -6/44 HPs)
             Began as a Gargoyle Fighter on Oct 15, 2022.
             Mangled by an orc warrior
             ... wielding a +0 glaive
              (9 damage)
             ... on level 6 of the Dungeon.
             The game lasted 00:01:23 (4341 turns).

qw the Chopper (Gargoyle Fighter)                   Turns: 4341, Time: 00:01:24

Health: -6/44      AC: 18    Str: 21    XL:     7   Next: 91%
Magic:  7/7        EV: 11    Int:  9    God:
Gold:   104        SH:  4    Dex:  9    Spells: 6/6 levels left

rFire   + . .      SeeInvis .    Y - +1 war axe
rCold   . . .      Faith    .    c - +0 buckler
rNeg    + . .      Spirit   .    l - +0 chain mail
rPois   inf        Reflect  .    a - +0 helmet of the Secret Beasts {rF+}
rElec   +          Harm     .    e - +2 cloak
rCorr   +          Rampage  .    (no gloves)
Will    .....                    (no boots)
Stlth   ..........               (no amulet)
HPRegen 0.27/turn                k - +4 ring of evasion
MPRegen 0.10/turn                s - ring of resist corrosion

@: about to teleport
A: sickness immunity, AC +4, negative energy resistance 1, electricity
resistance, torment resistance 1, petrification resistance
a: no special abilities


You were on level 6 of the Dungeon.
You visited 1 branch of the dungeon, and saw 6 of its levels.

You collected 284 gold pieces.
You spent 180 gold pieces at shops.


Innate Abilities, Weirdness & Mutations

You are immune to sickness and miasma.
Your stone body is resilient. (AC +4)
You are immune to poison.
You resist negative energy. (rN+)
You are resistant to electric shocks. (rElec)
You are resistant to unholy torment.
You are immune to petrification.


   Skills:
 - Level 5.0 Fighting
 - Level 7.2 Axes
 + Level 3.2 Armour
 - Level 1.0 Dodging
 - Level 3.2 Shields


You had 6 spell levels left.
You didn't know any spells.
Your spell library was empty.

Inventory:

Hand Weapons
 g - a +0 mace of protection
 Y - a +1 war axe (weapon)
Armour
 a - the +0 helmet of the Secret Beasts (worn) {rF+}
   (You acquired it on level 2 of the Dungeon)

   rF:        It protects you from fire.
 c - a +0 buckler (worn)
 e - a +2 cloak (worn)
 l - a +0 chain mail (worn)
Jewellery
 k - a +4 ring of evasion (left hand)
 s - a ring of resist corrosion (right hand)
Scrolls
 f - a scroll of butterflies {unknown}
 h - 2 scrolls of enchant armour
 j - 2 scrolls of teleportation
 m - a scroll of identify
Potions
 b - a potion of flight {unknown}
 d - a potion of might
 i - a potion of cancellation {unknown}
 n - a potion of attraction {unknown}
 o - a potion of haste {unknown}
 p - a potion of mutation {unknown}
 q - a potion of invisibility {unknown}
 r - a potion of heal wounds {unknown}

Dungeon Overview and Level Annotations

Branches:
Dungeon (6/15)
 Temple: D:4-7

Altars:
Ru

Shops:
D:4 ?


Message History

You block the orc warrior's attack.
The orc warrior hits you but does no damage.
The gnoll hits you but does no damage.
The gnoll hits you from afar with a +0 halberd.
Your Fighting skill increases to level 5!
You closely miss the white imp. You hit the gnoll.
The gnoll hits you from afar with a +0 halberd!
The gnoll barely misses you.
The orc warrior hits you but does no damage.
The white imp gestures at you. The puff of frost misses you.
The gnoll closely misses you.
You hit the gnoll.
The gnoll is moderately wounded.
You hit the white imp.
The gnoll barely misses you. x2; The orc warrior barely misses you.
The gnoll hits you but does no damage. The white imp barely misses you.
You closely miss the white imp.
The white imp is moderately wounded.
You hit the gnoll but do no damage. You hit the gnoll.
The gnoll barely misses you. You block the gnoll's attack.
The white imp barely misses you.
The gnoll hits you from afar with a +0 spear.
The orc warrior closely misses you.
You barely miss the gnoll.
The gnoll is severely wounded.
You hit the white imp but do no damage. You hit the gnoll but do no damage.
The gnoll closely misses you. x2; The gnoll hits you with a +0 whip.
The gnoll hits you but does no damage.
The orc warrior hits you from afar with a +0 glaive.
The white imp gestures at you. The puff of frost hits you.
4341 ||| READING 3 scrolls of teleportation.
As you read the scroll of teleportation, it crumbles to dust.
You feel strangely unstable. The gnoll closely misses you. x3
The white imp gestures at you.
The puff of frost hits you but does no damage.
The gnoll barely misses you.
The orc warrior hits you from afar with a +0 glaive!
You die...

...#####...##
#.. ..........##
## #........##
###......#
#......# ##
##.....######..#
#..............
#..............
#...g@g...###.
#...5)).###
#....ggo#
#........#
#..........#
#..?..........
...............
..#####.........
##........


You could see an orc warrior, 4 gnolls and a white imp.

Vanquished Creatures
  Sigmund (D:6)
  A water moccasin (D:5)
  3 necrophages
  A scorpion (D:5)
  A jelly (D:5)
  A hound (D:6)
  An orc priest (D:4)
  3 orc wizards
  4 adders
  A shadow imp (D:5)
  An ufetubus (D:4)
  A worm (D:2)
  4 dart slugs
  9 orcs
  2 endoplasms
  A giant cockroach (D:4)
  4 goblins
  5 hobgoblins
  5 jackals
  4 kobolds
  5 quokkas
  3 ball pythons
  5 bats
  2 frilled lizards (D:2)
  6 rats
74 creatures vanquished.

Notes
Turn   | Place    | Note
-------+----------+-------------------------------------------
     0 | D:1      | qw the Gargoyle Fighter began the quest for the Orb.
     0 | D:1      | Reached XP level 1. HP: 14/14 MP: 1/1
     0 | D:1      | 0 ||| qw: Version: 0.2-a-19-gadd0ef8
     0 | D:1      | 0 ||| qw: Game counter: 11
     0 | D:1      | 0 ||| qw: Always use a shield: true
     0 | D:1      | 0 ||| qw: God list: Okawaru
     0 | D:1      | 0 ||| qw: Allow faded altars: false
     0 | D:1      | 0 ||| qw: Do Orc after D:15 true
     0 | D:1      | 0 ||| qw: Do second Lair branch before Depths: true
     0 | D:1      | 0 ||| qw: Lair rune preference: random
     0 | D:1      | 0 ||| qw: Plans: Normal, Zot:1-4, God:TSO, Crypt, Tomb,
                  | Pan, Slime:5, Hells, Abyss, Orb
     0 | D:1      | 0 ||| PLANNING D:1-11
    24 | D:1      | Reached skill level 2 in Axes
   114 | D:1      | 114 ||| Stepping ~*~*~tactically~*~*~ (stealth).
   118 | D:1      | Reached XP level 2. HP: 19/19 MP: 2/2
   118 | D:1      | 118 ||| Stepping ~*~*~tactically~*~*~ (stealth).
   120 | D:1      | 120 ||| Stepping ~*~*~tactically~*~*~ (stealth).
   136 | D:1      | 136 ||| Stepping ~*~*~tactically~*~*~ (stealth).
   145 | D:1      | 145 ||| DROPPING +0 club.
   337 | D:1      | 337 ||| Stepping ~*~*~tactically~*~*~ (stealth).
   415 | D:1      | 415 ||| UPGRADING to +0 cloak.
   420 | D:1      | 420 ||| READING scroll labelled ZYPEUQE MAOFF.
   421 | D:1      | 421 ||| READING scroll labelled MEIREBL EKHLUUPT.
   500 | D:2      | Reached skill level 3 in Axes
   500 | D:2      | Reached XP level 3. HP: 23/23 MP: 3/3
   999 | D:2      | Reached XP level 4. HP: 28/28 MP: 4/4
  1360 | D:2      | 1360 ||| UPGRADING to +0 chain mail.
  1370 | D:2      | 1370 ||| DROPPING +0 scale mail.
  1371 | D:2      | 1371 ||| READING scroll labelled OTAC LIHOA.
  1372 | D:2      | 1372 ||| READING scroll labelled SYOSONL JUEPRI.
  1372 | D:2      | Identified a scroll of acquirement
  1372 | D:2      | 1372 ||| ACQUIRING +0 helmet of the Secret Beasts {rF+}
  1372 | D:2      | Acquired the +0 helmet of the Secret Beasts {rF+}
  1374 | D:2      | 1374 ||| UPGRADING to +0 helmet of the Secret Beasts {rF+}.
  1379 | D:2      | 1379 ||| READING scroll labelled GAUMAMAINE.
  1480 | D:2      | 1480 ||| READING scroll labelled JUENAA LYGOAST.
  1481 | D:2      | 1481 ||| READING scroll labelled MEOLOF JEITZ.
  1610 | D:3      | 1610 ||| DROPPING +0 whip.
  1984 | D:3      | 1984 ||| READING 2 scrolls labelled EXYINIANOLO.
  1985 | D:3      | 1985 ||| READING scroll of enchant armour.
  1985 | D:3      | 1985 ||| ENCHANTING +0 cloak.
  1986 | D:3      | 1986 ||| DRINKING 2 lumpy green potions.
  2042 | D:4      | Found Xosaatay's Magic Scroll Boutique.
  2056 | D:4      | 2056 ||| BUYING 2 scrolls of enchant armour (180 gold).
  2056 | D:4      | Bought 2 scrolls of enchant armour for 180 gold pieces
  2056 | D:4      | 2056 ||| SHOPLISTING scroll of enchant weapon (90 gold,
                  | have 6).
  2056 | D:4      | 2056 ||| SHOPLISTING scroll of teleportation (36 gold, have
                  | 6).
  2056 | D:4      | 2056 ||| READING 2 scrolls of enchant armour.
  2056 | D:4      | 2056 ||| ENCHANTING +1 cloak.
  2283 | D:4      | Noticed a necrophage
  2291 | D:4      | Killed a necrophage
  2292 | D:4      | Reached skill level 4 in Axes
  2292 | D:4      | Reached XP level 5. HP: 24/32 MP: 5/5
  2353 | D:4      | Reached skill level 5 in Axes
  3093 | D:4      | 3093 ||| UPGRADING to +4 ring of evasion.
  3094 | D:4      | 3094 ||| UPGRADING to ring of resist corrosion.
  3095 | D:4      | 3095 ||| READING 3 scrolls labelled HOXZURU MERAR.
  3098 | D:4      | 3098 ||| READING scroll labelled YWUESUITUMN.
  3113 | D:5      | Entered Level 5 of the Dungeon
  3144 | D:5      | Noticed a water moccasin
  3154 | D:5      | Killed a water moccasin
  3155 | D:5      | Reached XP level 6. HP: 28/38 MP: 6/6
  3199 | D:5      | Found a sacrificial altar of Ru.
  3255 | D:5      | Reached skill level 6 in Axes
  3297 | D:5      | 3297 ||| Stepping ~*~*~tactically~*~*~ (hiding).
  3642 | D:5      | Reached skill level 1 in Dodging
  3705 | D:5      | Reached XP level 7. HP: 42/43 MP: 7/7
  3725 | D:5      | 3725 ||| Stepping ~*~*~tactically~*~*~ (hiding).
  3883 | D:6      | Noticed Sigmund
  3920 | D:6      | HP: 10/43 [something (2)]
  3936 | D:6      | 3936 ||| DRINKING potion of curing.
  3936 | D:6      | 3936 ||| (to cure confusion)
  3942 | D:6      | Killed Sigmund
  3943 | D:6      | Reached skill level 7 in Axes
  4340 | D:6      | HP: 10/44 [gnoll/+0 whip (3)]
  4340 | D:6      | HP: 4/44 [orc warrior/+0 glaive (6)]
  4341 | D:6      | 4341 ||| READING 3 scrolls of teleportation.
  4341 | D:6      | Mangled by an orc warrior

Levels and vault maps discovered:
D:1:      psy_arrival_spokes, layout_rooms
D:2:      layout_basic
D:3:      layout_loops_cross
D:4:      layout_layer_cave, serial_shops, nicolae_shop_stone,
          chequers_serial_rivers_micro_e
D:5:      layout_basic, nicolae_ru_awakened_eye, hex_intersection
D:6:      cheibrodos_fzero, layout_layer_cave, nicolae_overflows_in_rows,
          uniq_sigmund

Skill      XL: |  1  2  3  4  5  6  7 |
---------------+----------------------+-----
Axes           | 2 3 4 5 6 7 |  7.2
Fighting       | 4 5 |  5.0
Dodging        | 1 |  1.0
Armour         | |  3.2
Shields        | |  3.2

Action                   |  1- 3 |  4- 6 |  7- 9 || total
-------------------------+-------+-------+-------++-------
Melee: War axe           |    83 |   109 |    48 ||   240
  Use: Scroll            |     2 |    10 |     1 ||    13
       Potion            |       |     1 |     1 ||     2
Armor: Scale mail        |    40 |       |       ||    40
       Chain mail        |       |    57 |    62 ||   119
Dodge: Dodged            |    40 |    39 |    54 ||   133
Block: Buckler           |    20 |    20 |    14 ||    54

Table legend:
 A = Non-vault XP
 B = Vault XP
 C = Vault XP percentage of total XP
 D = Non-vault monster count
 E = Vault monster count
 F = Vault count percentage of total count
                 A         B        C        D         E       F
            +---------+---------+-------+---------+---------+-------
      Total |     908 |     239 |  20.8 |      73 |       1 |   1.4
            +---------+---------+-------+---------+---------+-------
        D:1 |      20 |       0 |   0.0 |      12 |       0 |   0.0
        D:2 |      64 |       0 |   0.0 |      20 |       0 |   0.0
        D:3 |       6 |       0 |   0.0 |       6 |       0 |   0.0
        D:4 |     210 |       0 |   0.0 |      17 |       0 |   0.0
        D:5 |     349 |       0 |   0.0 |      11 |       0 |   0.0
        D:6 |     259 |     239 |  48.0 |       7 |       1 |  12.5
            +---------+---------+-------+---------+---------+-------
